 Dungeon Crawl Stone Soup version 0.30-a0-1157-g2cc9ac7196 (console) character file.

Game seed: 1306692482472983990

1740 jejorda2 the Spear-Bearer (level 9, -1/69 HPs)
             Began as a Merfolk Berserker on Apr 24, 2023.
             Was a Believer of Trog.
             Slain by a flying skull (7 damage)
             ... on level 5 of the Dungeon.
             The game lasted 00:11:03 (3841 turns).

jejorda2 the Spear-Bearer (Merfolk Berserker)       Turns: 3841, Time: 00:11:03

Health: -1/69      AC: 14    Str: 22    XL:     9   Next: 5%
Magic:  9/9        EV: 14    Int:  6    God:    Trog [**....]
Gold:   209        SH:  0    Dex: 13    Spells: 8/8 levels left

rFire   . . .        a - +1 spear
rCold   . . .        (no shield)
rNeg    . . .        t - +0 chain mail
rPois   .            (no helmet)
rElec   .            (no cloak)
rCorr   .            v - +0 pair of gloves
SInv    .            (no boots)
Will    ++...        (no amulet) Stlth
                     e - +5 ring of evasion
HPRegen 1.31/turn    n - +4 ring of protection
MPRegen 0.11/turn

%: no passive effects
@: strong-willed, on berserk cooldown, regenerating
A: (nimble swimmer 2), mertail
a: Renounce Religion, Berserk, Trog's Hand


You were on level 5 of the Dungeon.
You worshipped Trog.
Trog was pleased with you.
You visited 1 branch of the dungeon, and saw 5 of its levels.
You visited the Abyss 1 time.

You collected 209 gold pieces.

Inventory:

Hand Weapons
 a - a +1 spear (weapon)
Missiles
 b - 23 stones (quivered)
 j - 5 datura-tipped darts
 k - 14 poisoned darts
Armour
 t - a +0 chain mail (worn)
 v - a +0 pair of gloves (worn)
Jewellery
 e - a +5 ring of evasion (left hand)
 m - a ring of resist corrosion
 n - a +4 ring of protection (right hand)
Wands
 s - a wand of flame (20)
Potions
 g - 3 potions of curing
 i - a potion of haste {unknown}
 l - a potion of invisibility
 p - a potion of attraction {unknown}
 q - a potion of magic {unknown}
 r - a potion of flight {unknown}
 u - a potion of mutation {unknown}


   Skills:
 - Level 6.0 Fighting
 * Level 12.2 Polearms
 + Level 4.1 Armour
 - Level 2.6 Dodging


You had 8 spell levels left.
You didn't know any spells.
Your spell library was empty.

Dungeon Overview and Level Annotations

Branches:
Dungeon (5/15)
 Temple: D:4-7

Altars:
Gozag
Ru

Shops:
D:1 =

Annotations:
D:5 exclusion: orc warrior


Innate Abilities, Weirdness & Mutations

((You are very nimble when in or above water. (Stealth+, EV+, Speed+++)))
Your lower body shifts to a powerful aquatic tail in water.


Message History

The flying skull hits you!
* * * LOW HITPOINT WARNING * * *
The flying skull hits you.
* * * LOW HITPOINT WARNING * * *
The orc warrior misses you.
Aiming: Throw Flame
Press: ? - help, Shift-Dir - straight line, f/p - orc warrior
Aim: an orc warrior, wielding a +0 halberd of distortion and wearing a +0 plate armour (heavily wounded, inner flame, 68% to hit)
The puff of flame misses the flying skull.
The puff of flame misses the orc warrior.
You feel yourself speed up. The flying skull barely misses you.
The flying skull hits you but does no damage.
The orc warrior hits you but does no damage.
The flying skull completely misses you.
The flying skull hits you but does no damage.
The flying skull attacks as you move away!
The flying skull hits you but does no damage.
You feel the effects of Trog's Hand fading.
The flying skull attacks as you move away!
The flying skull barely misses you. The flying skull hits you.
The flying skull attacks as you move away!
The flying skull barely misses you.
The flying skull attacks as you move away!
The flying skull closely misses you.
The flying skull hits you but does no damage.
The flying skull attacks as you move away!
The flying skull completely misses you.
Your skin stops crawling.
You feel less strong-willed. The flying skull completely misses you.
Your skin crawls.
You feel strong-willed. The flying skull hits you.
The orc warrior hits you from afar with a +0 halberd of distortion.
Space warps horribly around you!!
* * * LOW HITPOINT WARNING * * *
The flying skull closely misses you.
The flying skull's inner flame fades away.
The flying skull hits you!
You die...

# ### # #.###############
# #..o............# #
#z#############.# #
#.@.......#..o..# #
################.#'#####
#
#......#######.......###
#
#......#..............)#
#
#......#.###...........#
# ######......#.#
#.....#'#...# #
#....'......'.#
#.....#.##### #
#.####......########..#.#
# #.#
#......'.........#'######


You could see a flying skull.

Vanquished Creatures
  A thrashing horror (Abyss:1)
  A flying skull (Abyss:1)
  Menkaure (D:5)
  2 black bears
  An ice beast (D:3)
  A centaur (D:5)
  A howler monkey (D:5)
  2 hounds (D:5)
  A gnoll bouda (D:4)
  A sleepcap (D:4)
  Ijyb (D:4)
  5 orc wizards
  7 gnolls
  8 adders
  A worm (D:4)
  2 dart slugs
  6 orcs
  9 ball pythons
  4 endoplasms
  4 giant cockroaches
  11 goblins
  8 hobgoblins
  8 kobolds
  5 quokkas
  6 bats
  2 frilled lizards (D:1)
  4 rats
103 creatures vanquished.

Vanquished Creatures (others)
  An orc (D:5)
1 creature vanquished.

Grand Total: 104 creatures vanquished

Notes
Turn   | Place    | Note
-------+----------+-------------------------------------------
     0 | D:1      | jejorda2 the Merfolk Berserker began the quest for the Orb.
     0 | D:1      | Reached XP level 1. HP: 18/18 MP: 1/1
   104 | D:1      | Reached XP level 2. HP: 21/24 MP: 2/2
   307 | D:1      | You fall into a shaft and drop 1 floor!
   327 | D:1      | Reached skill level 5 in Polearms
   351 | D:1      | Reached ** piety under Trog
   387 | D:1      | Reached XP level 3. HP: 30/30 MP: 3/3
   389 | D:1      | Found Yluw's Jewellery Boutique.
  1059 | D:2      | Reached XP level 4. HP: 37/37 MP: 4/4
  1354 | D:2      | Reached skill level 6 in Polearms
  1589 | D:3      | Found a faded altar of an unknown god.
  1616 | D:3      | Reached XP level 5. HP: 43/43 MP: 5/5
  1664 | D:3      | Noticed an ice beast
  1726 | D:3      | Killed an ice beast
  1727 | D:3      | Reached skill level 7 in Polearms
  1782 | D:3      | Found a sacrificial altar of Ru.
  1833 | D:3      | Found an opulent altar of Gozag.
  2044 | D:3      | Reached XP level 6. HP: 50/50 MP: 6/6
  2362 | D:4      | Noticed Ijyb
  2405 | D:4      | Killed Ijyb
  2406 | D:4      | Reached skill level 5 in Fighting
  2537 | D:4      | Reached *** piety under Trog
  2541 | D:4      | Reached skill level 8 in Polearms
  2708 | D:4      | Noticed a black bear
  2716 | D:4      | Killed a black bear
  2717 | D:4      | Reached XP level 7. HP: 56/56 MP: 7/7
  3063 | D:5      | Entered Level 5 of the Dungeon
  3147 | D:5      | Noticed Menkaure
  3168 | D:5      | Killed Menkaure
  3169 | D:5      | Reached skill level 9 in Polearms
  3551 | D:5      | Reached XP level 8. HP: 64/64 MP: 8/8
  3628 | D:5      | Reached skill level 10 in Polearms
  3651 | Abyss:1  | Cast into level 1 of the Abyss (orc warrior)
  3762 | Abyss:1  | Noticed a flying skull
  3771 | Abyss:1  | Noticed a thrashing horror
  3780 | Abyss:1  | Killed a flying skull
  3783 | Abyss:1  | Noticed a flying skull
  3788 | Abyss:1  | Killed a thrashing horror
  3789 | Abyss:1  | Reached skill level 12 in Polearms
  3789 | Abyss:1  | Reached XP level 9. HP: 59/69 MP: 9/9
  3791 | D:5      | Escaped the Abyss
  3838 | D:5      | HP: 2/69 [orc warrior/+0 halberd of distortion (21)]
  3841 | D:5      | Slain by a flying skull

Illustrated notes

Levels and vault maps discovered:
D:1:      kennysheep_arrival_forest, layout_loops_ring, serial_shops, shop,
          minmay_misc_feat_four_crosses
D:2:      minmay_diamond_boxcup, layout_loops_ring, minmay_curled_crystal
D:3:      layout_basic, mainiacjoe_overflow_large_starburst,
          serial_corexii_hall, chequers_hall_statues_corner_a,
          corexii_hall_statues_x, nicolae_ecumenical_pavilion,
          minmay_statues_item
D:4:      layout_rooms, uniq_ijyb
D:5:      layout_basic, mainiacjoe_overflow_concentric_impassable,
          eino_tiny_chamber, uniq_menkaure

Skill      XL: |  1  2  3  4  5  6  7  8 |
---------------+-------------------------+-----
Polearms       | 5 6 7 8 9 12 | 12.2
Fighting       | 4 5 6 |  6.0
Armour         | 2 4 |  4.1
Dodging        | |  2.6

Action                     |  1- 3 |  4- 6 |  7- 9 || total
---------------------------+-------+-------+-------++-------
  Melee: Spear             |   125 |   191 |   154 ||   470
         Punch             |     1 |     2 |     3 ||     6
  Throw: Stone             |       |     3 |     6 ||     9
         Dart              |       |       |     1 ||     1
 Invoke: Berserk           |     1 |     3 |     5 ||     9
         Trog's Hand       |       |       |     6 ||     6
  Evoke: Wand              |       |       |     1 ||     1
    Use: Scroll            |       |       |     9 ||     9
         Potion            |       |       |     3 ||     3
 Armour: Leather armour    |     3 |       |       ||     3
         Ring mail         |    21 |    31 |       ||    52
         Chain mail        |       |    13 |    72 ||    85
  Dodge: Dodged            |    55 |    71 |   100 ||   226

Table legend: (Time is in decaauts)
 A = Elapsed time spent in this place.
 B = Non-inter-level travel time spent in this place.
 C = Inter-level travel time spent in this place.
 D = Time resting spent in this place.
 E = Time spent auto-exploring this place.
 F = Levels seen in this place.
 G = Mean time per level.
                   A        B        C        D        E       F      G
               +--------+--------+--------+--------+--------+-----+--------+
         Total |   3799 |   3703 |     96 |    445 |   2420 |   6 |  633.2 |
       Dungeon |   3662 |   3566 |     96 |    376 |   2392 |   5 |  732.4 |
         Abyss |    137 |    137 |      0 |     68 |     28 |   1 |  137.0 |
               +--------+--------+--------+--------+--------+-----+--------+

Top non-repeatable levels by time:
     D:2: 880 daAuts
     D:3: 766 daAuts
     D:4: 693 daAuts
     D:1: 691 daAuts
     D:5: 630 daAuts
 Abyss:1: 137 daAuts
